 Dungeon Crawl Stone Soup version 0.31.0-12-g77e489cdc1 (webtiles) character file.

Game seed: 3976072824800227273

13311 Gadfly the Basher (level 12, -3/74 HPs)
             Began as a Gargoyle Fighter on Mar 2, 2024.
             Was a Believer of the Shining One.
             Slain by a komodo dragon (8 damage)
             ... on level 1 of the Lair of Beasts.
             The game lasted 00:17:02 (9969 turns).

Gadfly the Basher (Gargoyle Fighter)                Turns: 9969, Time: 00:17:03

Health: -3/74      AC: 26    Str: 29    XL:     12   Next: 4%
Magic:  0/18       EV:  7    Int: 14    God:    the Shining One [**....]
Gold:   543        SH:  6    Dex: 13    Spells: 6/11 levels left

rFire   . . .        a - +3 flail (holy)
rCold   . . .        c - +0 buckler
rNeg    + + +        x - +0 plate armour
rPois   ∞            (no helmet)
rElec   +            b - +1 cloak
rCorr   +            f - +0 pair of gloves
SInv    .            (no boots)
Will    +....        g - amulet of Teuhod {Spirit rF+ Int+5} Stlth
                     i - ring of resist corrosion
HPRegen 0.32/turn    h - ring "Enairhuj" {rPois rF- rN+ Str+6 Dex+2}
MPRegen 0.16/turn

%: random rage (3%), guardian spirit
@: glowing
A: sickness immunity, AC +8, negative energy resistance 1, electricity
resistance, torment resistance 1, petrification resistance, berserk 1,
strong-willed 1
a: Renounce Religion, Divine Shield


You were on level 1 of the Lair of Beasts.
You worshipped the Shining One.
The Shining One was pleased with you.
You visited 3 branches of the dungeon, and saw 12 of its levels.

You collected 543 gold pieces.

Inventory:

Hand Weapons
 a - a +3 flail of holy wrath (weapon)
 j - a +1 short sword of flaming
 t - a +0 flail
 A - a +1 demon whip of venom
Armour
 b - a +1 cloak (worn)
 c - a +0 buckler (worn)
 f - a +0 pair of gloves (worn)
 x - a +0 plate armour (worn)
Jewellery
 g - the amulet of Teuhod (around neck) {Spirit rF+ Int+5}
   (You found it on level 2 of the Dungeon)

   [amulet of guardian spirit]

   Spirit:    It causes incoming damage to be divided between your reserves of
   health and magic.
   Int+5:     It affects your intelligence (+5).
   rF+:       It protects you from fire.
 h - the ring "Enairhuj" (right hand) {rPois rF- rN+ Str+6 Dex+2}
   (You found it on level 4 of the Dungeon)

   [ring of positive energy]

   Str+6:     It affects your strength (+6).
   Dex+2:     It affects your dexterity (+2).
   rF-:       It makes you vulnerable to fire.
   rPois:     It protects you from poison rN+: It protects you from negative
   energy.
 i - a ring of resist corrosion (left hand)
 y - a ring of protection from cold
Wands
 m - a wand of iceblast (9)
 q - a wand of acid (7)
 u - a wand of mindburst (15) (quivered)
 z - a wand of charming (7)
Scrolls
 n - 2 scrolls of poison
 r - a scroll of revelation
 s - a scroll of blinking
 v - 5 scrolls of identify
 w - 6 scrolls of teleportation
 B - a scroll of enchant armour
Potions
 d - 2 potions of might
 e - 4 potions of lignification
 k - 2 potions of heal wounds
 l - a potion of resistance
 o - 3 potions of curing
 p - 2 potions of cancellation


   Skills:
 + Level 8.2 Fighting
 * Level 9.6 Maces & Flails
 + Level 8.1 Armour
 + Level 8.1 Shields
 + Level 9.1 Invocations
 + Level 7.6 Evocations


You had 6 spell levels left.
You knew the following spells:

 Your Spells              Type           Power      Damage    Failure   Level
a - Blink                 Tloc           0%         N/A       99%         2
b - Swiftness             Air            0%         N/A       100%        3

Your spell library contained the following spells:

 Spells                   Type           Power      Damage    Failure   Level
 Magic Dart               Conj           0%         1d3       95%         1
 Shock                    Conj/Air       0%         1d3       95%         1
 Call Imp                 Summ           0%         N/A       99%         2
 Airstrike                Air            0%         2d(0-16)  100%        4
 Summon Hydra             Summ           0%         N/A       100%        7
 Sublimation of Blood     Necr           Unusable   N/A       N/A         2

Dungeon Overview and Level Annotations

Branches:
Dungeon (10/15)            Temple (1/1) D:4            Lair (1/5) D:10
    Orc (0/2) D:10

Altars:
Ashenzari
Cheibriados
Dithmenos
Elyvilon
Fedhas
Gozag
Hepliaklqana
Kikubaaqudgha
Makhleb
Nemelex Xobeh
Okawaru
Qazlal
Ru
Sif Muna
Trog
Uskayaw
Vehumet
Wu Jian
Xom
Yredelemnul
Zin
The Shining One

Shops:
D:8 =

Annotations:
D:6 1 runed translucent door, Sestren413's ghost, novice OpSh


Innate Abilities, Weirdness & Mutations

You are immune to sickness and miasma.
Your stone body is resilient. (AC +8)
You are immune to poison.
You resist negative energy. (rN+)
You are resistant to electric shocks. (rElec)
You are resistant to unholy torment.
You are immune to petrification.
You sometimes lose your temper in combat.
You are strong-willed. (Will+)


Message History

You barely miss the basilisk. The basilisk bites you.
* * * LOW HITPOINT WARNING * * *
The komodo dragon bites you but does no damage.
You hit the basilisk.
The basilisk is lightly wounded.
The basilisk bites you but does no damage.
The komodo dragon barely misses you.
You bludgeon the basilisk!!
The basilisk is severely wounded.
The basilisk bites you but does no damage.
You hit the basilisk.
The basilisk is almost dead.
The komodo dragon barely misses you. The basilisk barely misses you.
You hit the basilisk.
The basilisk is almost dead.
The komodo dragon bites you.
* * * LOW HITPOINT WARNING * * *
The basilisk gazes at you.
You are unaffected.
You sock the basilisk!
You kill the basilisk!
The komodo dragon barely misses you.
The blink frog blinks!
You block the komodo dragon's attack.
Things that are here:
a basilisk corpse; a blink frog corpse The komodo dragon attacks as it pursues you!
The komodo dragon bites you.
* * * LOW HITPOINT WARNING * * *
The komodo dragon attacks as it pursues you!
You block the komodo dragon's attack.
The komodo dragon hisses menacingly.
You see here a komodo dragon corpse.
You hit the komodo dragon but do no damage.
The komodo dragon is moderately wounded.
The komodo dragon bites you!
* * * LOW HITPOINT WARNING * * *
You sock the komodo dragon!
The komodo dragon is heavily wounded.
The komodo dragon bites you!
You die...

######## ### ##P..##.#####.#
#....@lF††...##
#...##.##....##
#...#####.....# #..l#
#§...## #.F.# #.....# .#
#.†.# #..F.## #.# #...#
#....# #.. # #.lF# #....#
###.#
....###...#P###....#####.#.#


You could see a komodo dragon and a blink frog.

Vanquished Creatures
  Gastronok (D:8)
  A two-headed ogre (D:10)
  Amaemon (D:8)
  4 elephants
  An orange demon (D:7)
  A black mamba (Lair:1)
  Jeremiah (D:8)
  A komodo dragon (Lair:1)
  A hornet (D:10)
  A troll (D:9)
  4 blink frogs (Lair:1)
  Sigmund (D:6)
  2 shadows (D:10)
  A wyvern (D:9)
  10 yaks
  3 basilisks
  A warg (D:10)
  A steam dragon (D:9)
  2 vampire mosquitoes (D:10)
  4 water moccasins
  3 swamp drakes (D:10)
  An ice beast (D:7)
  6 orc warriors
  2 sky beasts
  3 black bears
  3 centaurs
  An ogre (D:5)
  4 kobold brigands
  7 bullfrogs
  2 gnoll sergeants
  2 scorpions
  11 killer bees
  2 howler monkeys
  3 hounds
  2 bombardier beetles
  4 orc priests
  A jelly (D:4)
  A gnoll bouda (D:4)
  4 iguanas
  10 orc wizards
  15 gnolls
  4 adders
  A white imp (D:7)
  2 ufetubi (D:7)
  2 ribbon worms
  5 dart slugs
  37 orcs
  7 endoplasms
  2 giant cockroaches
  4 goblins
  7 hobgoblins
  5 jackals
  A quokka (D:5)
  10 ball pythons
  5 bats
  22 kobolds
  3 rats
246 creatures vanquished.

Vanquished Creatures (others)
  3 kobolds (D:9)
3 creatures vanquished.

Grand Total: 249 creatures vanquished

Notes
Turn   | Place    | Note
-------+----------+-------------------------------------------
     0 | D:1      | Gadfly the Gargoyle Fighter began the quest for the Orb.
     0 | D:1      | Reached XP level 1. HP: 14/14 MP: 1/1
   128 | D:1      | Reached XP level 2. HP: 19/19 MP: 2/2
   624 | D:2      | Reached skill level 1 in Invocations
   624 | D:2      | Reached XP level 3. HP: 23/23 MP: 3/3
   632 | D:2      | Reached skill level 1 in Evocations
   732 | D:2      | Identified the amulet of Teuhod {Spirit rF+ Int+5}
  1093 | D:2      | Identified the +1 chain mail "Nium" {Stlth+}
  1341 | D:3      | Reached XP level 4. HP: 28/28 MP: 5/5
  1654 | D:3      | Found a white marble altar of Elyvilon.
  1695 | D:3      | Became a worshipper of Elyvilon the Healer
  1749 | D:3      | Found an ancient bone altar of Kikubaaqudgha.
  2116 | D:3      | Gained mutation: Your health recovers twice as slowly from
                  | being drained. [potion of mutation]
  2117 | D:3      | Lost mutation: Your health recovers twice as slowly from
                  | being drained. [potion of mutation]
  2117 | D:3      | Gained mutation: You sometimes lose your temper in combat.
                  | [potion of mutation]
  2117 | D:3      | Gained mutation: You are strong-willed. (Will+) [potion of
                  | mutation]
  2345 | D:4      | Reached XP level 5. HP: 32/32 MP: 6/6
  2494 | D:4      | Reached XP level 6. HP: 38/38 MP: 7/7
  2500 | D:4      | Identified the ring "Enairhuj" {rPois rF- rN+ Str+6 Dex+2}
  2911 | D:4      | Reached * piety under Elyvilon
  2949 | D:4      | Identified the +1 robe "Vuynnacs" {rElec rC+ rCorr}
  3009 | D:4      | Reached XP level 7. HP: 42/43 MP: 9/9
  3012 | D:4      | Learned a level 2 spell: Blink
  3486 | D:4      | Found a staircase to the Ecumenical Temple.
  3693 | Temple   | Entered the Ecumenical Temple
  3713 | Temple   | Fell from the grace of Elyvilon
  3713 | Temple   | Became a worshipper of the Shining One
  3830 | D:5      | Entered Level 5 of the Dungeon
  3854 | D:5      | Found a basalt altar of Yredelemnul.
  4144 | D:5      | Reached XP level 8. HP: 48/48 MP: 11/11
  4243 | D:5      | Found a stormy altar of Qazlal.
  4249 | D:5      | Found a sparkling altar of Nemelex Xobeh.
  4303 | D:5      | Found a hazy altar of Hepliaklqana.
  4496 | D:6      | Found a runed translucent door.
  4496 | D:6      | Found a shimmering altar of Xom.
  4496 | D:6      | Noticed Sestren413's ghost (novice OpSh)
  4496 | D:6      | Noticed a +0 whip of chaos
  4549 | D:6      | Found an opulent altar of Gozag.
  4654 | D:6      | Reached skill level 5 in Maces & Flails
  4660 | D:6      | Reached skill level 5 in Shields
  4826 | D:5      | Reached skill level 5 in Fighting
  4882 | D:6      | Reached skill level 5 in Invocations
  4890 | D:6      | Reached skill level 5 in Armour
  5223 | D:6      | Noticed Sigmund
  5232 | D:6      | Killed Sigmund
  5233 | D:6      | Reached XP level 9. HP: 50/54 MP: 10/13
  5334 | D:7      | Reached * piety under the Shining One
  5464 | D:7      | Reached skill level 5 in Evocations
  6358 | D:8      | Noticed Gastronok
  6383 | D:8      | Killed Gastronok
  6384 | D:8      | Reached XP level 10. HP: 10/61 MP: 1/15
  6574 | D:8      | Found Jamiun's Jewellery Shop.
  6813 | D:8      | Noticed Jeremiah
  6813 | D:8      | Noticed Amaemon
  6813 | D:8      | Noticed an orange demon
  6831 | D:8      | Killed Amaemon
  6977 | D:7      | Killed an orange demon
  7073 | D:8      | Killed Jeremiah
  7363 | D:9      | Reached ** piety under the Shining One
  7604 | D:9      | Reached XP level 11. HP: 45/67 MP: 14/17
  8272 | D:9      | Learned a level 3 spell: Swiftness
  8307 | D:10     | Entered Level 10 of the Dungeon
  8722 | D:10     | Found a staircase to the Orcish Mines.
  8739 | D:10     | Found a staircase to the Lair.
  9125 | D:10     | Noticed a two-headed ogre
  9134 | D:10     | Killed a two-headed ogre
  9619 | Lair:1   | Entered Level 1 of the Lair of Beasts
  9938 | Lair:1   | Reached XP level 12. HP: 32/74 MP: 8/18
  9969 | Lair:1   | Slain by a komodo dragon

Illustrated notes

Levels and vault maps discovered:
D:1:      dpeg_arrival_erosion, layout_basic
D:2:      layout_rooms, serial_forest, infiniplex_forest_clump_double,
          infiniplex_forest_zigzag_2, infiniplex_forest_clump_long,
          infiniplex_forest_clump_curved, infiniplex_forest_straight_3,
          infiniplex_forest_clump_double, kennysheep_minor_cross
D:3:      layout_loops_corners, elyvilon_altar_5,
          nicolae_kikubaaqudgha_miasma_corner
D:4:      layout_cave_pods, minmay_temple_entry_fiery, corner_web_ring,
          st_stairs_5, nicolae_nh_ransacked_shop
D:5:      layout_gridville, nicolae_hepliaklqana_hazy_memory,
          minmay_overflow_temple_star_quad
D:6:      layout_rooms, mainiacjoe_overflow_catwalk, ebering_ghost_xom,
          uniq_sigmund
D:7:      layout_loops_cross
D:8:      layout_loops_cross, serial_shops, nicolae_shop_crystal, uniq_jeremiah,
          uniq_gastronok, uniq_amaemon
D:9:      nicolae_cairo_tiling_large_dashed, layout_cave_pools
D:10:     layout_loops_corners, david_lair_generic, david_orc_3, pond
Temple:   nicolae_temple_bog_church
Lair:1:   statuecave_lemuel, layout_small_grid, grunt_megastairs_1

Skill      XL: |  1  2  3  4  5  6  7  8  9 10 11 |
---------------+----------------------------------+-----
Invocations    | 1 2 3 4 5 7 8 9 |  9.1
Evocations     | 1 2 3 4 6 7 |  7.6
Maces & Flails | 3 4 5 7 8 9 |  9.6
Shields        | 4 5 6 7 8 |  8.1
Armour         | 4 5 6 8 |  8.1
Fighting       | 4 5 6 7 8 |  8.2

Action                     |  1- 3 |  4- 6 |  7- 9 | 10-12 || total
---------------------------+-------+-------+-------+-------++-------
  Melee: Flail             |   125 |   173 |   274 |   439 ||  1011
  Evoke: Wand              |       |       |       |     4 ||     4
    Use: Scroll            |     4 |     3 |     8 |       ||    15
         Potion            |       |     2 |     3 |       ||     5
 Armour: Scale mail        |   108 |       |       |       ||   108
         Chain mail        |       |   131 |   244 |       ||   375
         Plate armour      |       |       |    80 |   509 ||   589
  Dodge: Dodged            |    64 |    60 |   154 |   200 ||   478
  Block: Buckler           |    34 |    31 |    92 |   170 ||   327
